 Dungeon Crawl Stone Soup version 0.21-a0-405-gf2af9a1 (webtiles) character file.

827 Insomnius the Sneak (level 7, -1/97 (102) HPs)
             Began as a Naga Chaos Knight on Nov 1, 2017.
             Slain by a gnoll
             ... wielding a +0 spear
              (3 damage)
             ... on level 6 of the Dungeon.
             The game lasted 00:36:39 (4571 turns).

Insomnius the Sneak (Naga Chaos Knight)             Turns: 4571, Time: 00:36:44

HP:   -1/97 (102)   AC: 24    Str: 15    XL:     7   Next: 97%
MP:   7/7           EV:  1    Int: 12    God:    Xom [*.....]
Gold: 269           SH:  0    Dex: 12    Spells: 6/6 levels left

rFire    . . .     SeeInvis +   a - +0 falchion (chaos)
rCold    . . .     Gourm    .   (no shield)
rNeg     + + +     Faith    .   (armour currently unavailable)
rPois    +         Spirit   .   (helmet currently unavailable)
rElec    .         Reflect  .   (cloak currently unavailable)
rCorr    .         Harm     .   (gloves currently unavailable)
MR       .....     NoTele   +   (no barding)
Stlth    +++.......             (no amulet)
HPRegen  0.26/turn              B - +1 ring of protection (curse)
MPRegen  0.10/turn              (no ring)

@: tree-form (expiring)
A: see invisible, slow metabolism 1, spit poison 1, AC +2
a: Spit Poison, Renounce Religion


You were on level 6 of the Dungeon.
You worshipped Xom.
You were a special plaything of Xom.
You were near starving.
You were a tree.
You visited 1 branch of the dungeon, and saw 6 of its levels.
You also visited: Sewer.

You collected 269 gold pieces.

Inventory:

Hand Weapons
 a - a +0 falchion of chaos (weapon)
Armour
 r - a scarf of repulsion (melded)
 s - a +1 helmet (melded)
 v - a +1 leather armour of fire resistance (melded)
Jewellery
 B - a cursed +1 ring of protection (left branch)
Wands
 t - a wand of paralysis (9/24)
 A - a wand of lightning (11/15)
Scrolls
 e - 7 scrolls of identify
 g - 4 scrolls of remove curse
 l - 2 scrolls of fear {unknown}
 p - 2 scrolls of blinking
 q - a scroll of magic mapping {unknown}
 y - a scroll of enchant weapon {unknown}
 z - a scroll of immolation {unknown}
Potions
 d - 4 potions of mutation
 f - 4 potions of lignification
 i - a potion of curing {unknown}
 j - a potion of might {unknown}
 k - 2 potions of flight
 m - a potion of heal wounds {unknown}
 o - 3 potions of haste
 u - a potion of degeneration {unknown}
 w - 2 potions of brilliance {unknown}
Books
 b - a book of Misfortune

   Spells                             Type                      Level
   a - Confusing Touch                Hexes                        1
   b - Confuse                        Hexes                        3
   c - Gell's Gravitas                Translocation                3
   d - Petrify                        Transmutation/Earth          4
   e - Metabolic Englaciation         Hexes/Ice                    5
   f - Yara's Violent Unravelling     Hexes/Transmutation          5
Comestibles
 c - 10 bread rations
 h - 5 fruits
 n - 4 royal jellies
 x - 2 meat rations


   Skills:
 + Level 5.6 Fighting
 + Level 5.6 Long Blades
 + Level 2.9 Armour
 - Level 0.9 Dodging
 + Level 6.5 Stealth


You had 6 spell levels left.
You didn't know any spells.

Dungeon Overview and Level Annotations

Branches:
Dungeon (6/15)
 Temple: D:4-7

Altars:
Cheibriados
Elyvilon
Gozag
Qazlal
Sif Muna
Vehumet
Wu Jian
Xom

Annotations:
D:5 Dowan, Duvessa


Innate Abilities, Weirdness & Mutations

You cannot wear boots.
((Your serpentine skin is tough. (AC +2)))
You have supernaturally acute eyesight. (SInv)
((Armour fits poorly on your strangely shaped body.))
((Your system is resistant to poisons. (rPois)))
((You cover ground very slowly.))
You have a slow metabolism.
You can spit poison.


Message History

You feel slightly more hungry. The orc hits you but does no damage.
The worker ant bites you but does no damage.
The gnoll hits you but does no damage.
The orc priest mumbles some strange prayers to Beogh against you.
Beogh smites you!
* * * LOW HITPOINT WARNING * * *
Xom thinks this is hilarious!
You closely miss the worker ant.
The worker ant is severely wounded.
The orc hits you but does no damage.
The worker ant bites you but does no damage.
The gnoll hits you but does no damage.
You hit the worker ant. You burn the worker ant.
You kill the worker ant!
Your transformation is almost over.
You have got your breath back.
The orc hits you but does no damage.
The gnoll hits you from afar with a spear.
You die... "It's all fun and games until someone loses an eye."

#### #... #.
####..#
...g###.....#
#..g...# #<#
#♣# #.)o.....
#.#.#.###
....# #.# #
#.. #?# .#.


You could see a gnoll and an orc.

Vanquished Creatures
  Purgy (Sewer)
  A necrophage (D:5)
  An ogre (D:5)
  A centaur (D:6)
  A big kobold (Sewer)
  2 hounds
  A gnoll shaman (D:6)
  An orc wizard (D:4)
  4 worker ants
  2 adders
  9 gnolls
  An ooze (D:1)
  An adder zombie (D:5)
  4 worms
  3 dart slugs
  2 leopard geckos
  4 orcs
  A ball python (D:3)
  7 giant cockroaches
  7 goblins
  4 hobgoblins
  9 jackals
  4 bats
  5 frilled lizards
  9 kobolds
  A quokka zombie (D:5)
  4 rats
90 creatures vanquished.

Notes
Turn   | Place    | Note
-------+----------+-------------------------------------------
     0 | D:1      | Insomnius the Naga Chaos Knight began the quest for the Orb.
     0 | D:1      | Reached XP level 1. HP: 21/21 MP: 1/1
    37 | D:1      | XOM: harmless Tloc miscast
    84 | D:1      | Reached XP level 2. HP: 28/28 MP: 2/2
   146 | D:1      | XOM: divination: detect items
   348 | D:1      | XOM: harmless Tloc miscast
   396 | D:1      | Reached XP level 3. HP: 34/34 MP: 3/3
   753 | D:2      | Found a stormy altar of Qazlal.
  1004 | D:2      | Found a white marble altar of Elyvilon.
  1139 | D:2      | Found a faded altar of an unknown god.
  1209 | D:2      | Reached skill level 1 in Stealth
  1236 | D:2      | Found an opulent altar of Gozag.
  1625 | D:2      | XOM: summons 1 hostile demon
  1741 | D:3      | XOM: harmless Conj miscast
  1761 | D:3      | Reached XP level 4. HP: 44/44 MP: 4/4
  1800 | D:3      | Reached skill level 2 in Stealth
  1863 | D:3      | Found a glowing drain.
  1888 | Sewer    | XOM: stealth player
  1888 | Sewer    | Entered a sewer
  1891 | Sewer    | Noticed a big kobold
  1902 | Sewer    | Killed a big kobold
  1902 | Sewer    | Reached skill level 3 in Stealth
  1902 | Sewer    | Reached XP level 5. HP: 42/51 MP: 5/5
  1920 | Sewer    | Noticed Purgy
  1925 | Sewer    | XOM: mild Summ miscast
  1927 | Sewer    | Killed Purgy
  1927 | Sewer    | Reached skill level 4 in Stealth
  1927 | Sewer    | Reached XP level 6. HP: 46/58 MP: 6/6
  2368 | D:3      | Found a deep blue altar of Sif Muna.
  2409 | D:3      | XOM: harmless Chrm miscast
  2748 | D:4      | XOM: silly message
  2752 | D:4      | XOM: confuse monster(s)
  2908 | D:4      | Found a snail-covered altar of Cheibriados.
  3006 | D:4      | Reached skill level 5 in Fighting
  3006 | D:4      | Reached skill level 5 in Stealth
  3043 | D:4      | Found an ornate altar of the Wu Jian Council.
  3165 | D:4      | XOM: harmless Conj miscast
  3258 | D:4      | XOM: mild Air miscast
  3375 | D:5      | Entered Level 5 of the Dungeon
  3392 | D:5      | XOM: harmless Fire miscast
  3407 | D:5      | Reached skill level 5 in Long Blades
  3416 | D:5      | Reached XP level 7. HP: 37/67 MP: 7/7
  3431 | D:5      | Found a radiant altar of Vehumet.
  3456 | D:5      | XOM: silly message
  4209 | D:5      | Noticed Duvessa
  4209 | D:5      | Noticed Dowan
  4245 | D:5      | XOM: stat loss: -1 Str (14/15)
  4263 | D:5      | Found a shimmering altar of Xom.
  4482 | D:5      | Reached skill level 6 in Stealth
  4569 | D:6      | HP: 1/96 [orc priest/divine providence (14)]
  4571 | D:6      | Slain by a gnoll

Vault maps used:
D:1:      co_arrival_random_square_maze, st_stairs_9
D:2:      elyvilon_altar_5, grunt_qazlal_sundering,
          chequers_ecumenical_altar_grove,
          nicolae_gozag_cash_rules_everything_around_me
D:3:      led_sif_pool, portal_sewer_entry_b, serial_glass, glass_columns_a,
          glass_columns_a, glass_columns_c, glass_columns_c, glass_columns_a,
          glass_columns_c, first_bread, minmay_misc_feat_hallway
D:4:      kennysheep_mini, overflow_temple_1_default, st_stairs_6
D:5:      xom_teletrap_fun, old_standard_altar, uniq_duvessa
D:6:      cheibrodos_ashenzari_chains, minmay_temple_entry_fiery,
          minmay_misc_feat_enclosed, minmay_misc_feat_cross,
          hangedman_minor_gate_pass, uniq_edmund, uniq_sigmund,
          uniq_blork_the_orc
Sewer:    kennysheep_door_sewer

Skill      XL: |  1  2  3  4  5  6  7 |
---------------+----------------------+-----
Stealth        | 1 3 4 5 6 |  6.5
Fighting       | 4 5 |  5.6
Long Blades    | 4 5 |  5.6
Armour         | 2 |  2.9
Dodging        | |  0.9

Action                   |  1- 3 |  4- 6 |  7- 9 || total
-------------------------+-------+-------+-------++-------
Melee: Falchion          |    76 |    86 |    56 ||   218
 Abil: Spit Poison       |    18 |    39 |    16 ||    73
  Use: Scroll            |     5 |       |     6 ||    11
       Potion            |       |       |     1 ||     1
 Stab: Sleeping          |     1 |       |       ||     1
       Petrified         |       |     9 |       ||     9
       Paralysed         |       |       |     3 ||     3
  Eat: Chunk             |     3 |     6 |     3 ||    12
Armor: Leather armour    |    39 |    26 |    14 ||    79
       Skin              |       |       |    52 ||    52
Dodge: Dodged            |    42 |    63 |    20 ||   125
       Deflected         |       |     3 |       ||     3
       Rpst.: Falchion   |    11 |    17 |     4 ||    32

Table legend:
 A = Spawn XP
 B = Non-spawn XP
 C = Spawn XP percentage of total XP
 D = Spawn monster count
 E = Non-spawn monster count
 F = Spawn count percentage of total count
 G = Total turns spent on level
                    A         B        C        D         E        F      G
               +---------+---------+-------+---------+---------+-------+---------
         Total |       0 |    1182 |   0.0 |       0 |      90 |   0.0 |  4571
               +---------+---------+-------+---------+---------+-------+---------
           D:1 |       0 |      45 |   0.0 |       0 |      22 |   0.0 |   751
           D:2 |       0 |      27 |   0.0 |       0 |      12 |   0.0 |   948
           D:3 |       0 |      95 |   0.0 |       0 |      21 |   0.0 |   621
           D:4 |       0 |     172 |   0.0 |       0 |      10 |   0.0 |   785
           D:5 |       0 |     383 |   0.0 |       0 |      13 |   0.0 |  1161
           D:6 |       0 |     222 |   0.0 |       0 |       6 |   0.0 |    35
         Sewer |       0 |     238 |   0.0 |       0 |       6 |   0.0 |   270
               +---------+---------+-------+---------+---------+-------+---------
